[Event "3rd International Chess Festival Sport "]
[Site "Paracin"]
[Date "2010.07.09"]
[Round "1.1"]
[White "Jovanovic Miroslav O"]
[Black "Kryakvin Dmitry"]
[Result "0-1"]
[ECO "E82"]
[WhiteElo "2142"]
[BlackElo "2603"]
[Annotator "Milojevic,Boban"]
[PlyCount "100"]
[EventDate "2010.??.??"]
[TimeControl "5400"]

1. d4 Nf6 2. c4 g6 3. Nc3 Bg7 4. e4 d6 5. f3 O-O 6. Be3 b6 7. Qd2 c5 8. d5 e6
9. Bd3 Nbd7 10. Nge2 Ne5 11. O-O exd5 12. exd5 Re8 13. Bg5 h6 14. Bh4 a6 15. a4
Ra7 16. Rae1 Rae7 17. b3 g5 18. Bf2 Nh5 19. Qc2 Nxd3 20. Qxd3 f5 21. Qc2 Re5
22. g3 Qf6 23. Nc1 Bd7 24. Nd1 b5 25. axb5 axb5 26. Nd3 Rxe1 27. Rxe1 bxc4 28.
Rxe8+ Bxe8 29. bxc4 Qa1 30. Qe2 Bg6 31. Kg2 Kh7 32. N3b2 Nf6 33. Be1 g4 34. f4
Ne4 35. Nd3 Bd4 36. N3f2 h5 37. Nxe4 fxe4 38. Bf2 Qb1 39. Be3 Qb3 40. Kf2 Bf5
41. Kg2 Kg6 42. Kf2 Kf7 43. h3 Ke7 44. h4 Kd7 45. Kg2 Kc7 46. Kh2 Bd7 47. Bd2
Qf3 48. Qxf3 exf3 49. Nc3 Bxc3 50. Bxc3 Bf5 0-1

[Event "3rd International Chess Festival Sport "]
[Site "Paracin"]
[Date "2010.07.09"]
[Round "1.1"]
[White "Damljanovic Branko"]
[Black "Trickovic Vladimir"]
[Result "1-0"]
[ECO "A67"]
[WhiteElo "2541"]
[BlackElo "2141"]
[Annotator "Milojevic,Boban"]
[PlyCount "75"]
[EventDate "2010.??.??"]
[TimeControl "5400"]

1. d4 Nf6 2. c4 c5 3. d5 e6 4. Nc3 exd5 5. cxd5 d6 6. e4 g6 7. f4 Bg7 8. Bb5+
Nfd7 9. Bd3 O-O 10. Nf3 Re8 11. O-O a6 12. a4 Nf6 13. Kh1 c4 14. Bc2 Bg4 15. h3
Bxf3 16. Qxf3 Nbd7 17. Be3 b6 18. Rae1 Qc7 19. Bd4 Rab8 20. Na2 b5 21. Nb4 Ra8
22. axb5 axb5 23. e5 dxe5 24. fxe5 Nxe5 25. Bxe5 Rxe5 26. d6 Qxd6 27. Qxa8+ Bf8
28. Rxe5 Qxe5 29. Qf3 Bd6 30. g3 Nh5 31. Nc6 Nxg3+ 32. Kg2 Qe8 33. Rd1 Bc7 34.
Ra1 Kg7 35. Ra7 Bd6 36. Nd8 Qxd8 37. Qxf7+ Kh6 38. Qxh7+ 1-0

[Event "3rd International Chess Festival Sport "]
[Site "Paracin"]
[Date "2010.07.09"]
[Round "1.1"]
[White "Kolbert Engelbert"]
[Black "Lathajm Borko"]
[Result "0-1"]
[ECO "B01"]
[WhiteElo "2129"]
[BlackElo "2493"]
[Annotator "Milojevic,Boban"]
[PlyCount "128"]
[EventDate "2010.??.??"]
[TimeControl "5400"]

1. e4 d5 2. exd5 Qxd5 3. Nc3 Qd6 4. d4 Nf6 5. Nf3 a6 6. Bc4 b5 7. Bb3 e6 8. Bg5
Bb7 9. O-O c5 10. dxc5 Qxd1 11. Raxd1 Nbd7 12. c6 Bxc6 13. Nd4 Bb7 14. Rfe1
O-O-O 15. a4 b4 16. Nce2 Nc5 17. c3 bxc3 18. bxc3 e5 19. Bxf7 exd4 20. Rxd4
Rxd4 21. cxd4 Nce4 22. Be6+ Kb8 23. Be3 Bb4 24. Rb1 a5 25. f3 Nd6 26. Bf4 Rd8
27. Be5 Ka8 28. Nf4 Nde8 29. Nd3 Bd5 30. Bh3 Bc3 31. Rb6 Bc4 32. Nb2 Bxd4+ 33.
Bxd4 Rxd4 34. Nxc4 Rxc4 35. Ra6+ Kb7 36. Rxa5 Kb6 37. Ra8 Rc5 38. Kf2 Kb7 39.
Rd8 Rc4 40. a5 Rc5 41. a6+ Kxa6 42. Rb8 Ka7 43. Rb3 Nc7 44. Ke3 Nb5 45. Rb2 Kb6
46. g3 Kc6 47. f4 Nd6 48. Ra2 Rc3+ 49. Kf2 Nde4+ 50. Kg2 Kd6 51. Ra6+ Rc6 52.
Rxc6+ Kxc6 53. Be6 Kd6 54. Ba2 Kc5 55. Kf3 Kd4 56. h3 Nd2+ 57. Kf2 Nfe4+ 58.
Kg2 Ke3 59. Bg8 Nf6 60. Bf7 Nde4 61. f5 h5 62. Bb3 Nd6 63. Bc2 h4 64. gxh4 Kf4
0-1

[Event "3rd International Chess Festival Sport "]
[Site "Paracin"]
[Date "2010.07.09"]
[Round "1.1"]
[White "Abramovic Bosko"]
[Black "Zlatanovic Zoran"]
[Result "1-0"]
[ECO "A63"]
[WhiteElo "2491"]
[BlackElo "2128"]
[Annotator "Milojevic,Boban"]
[PlyCount "57"]
[EventDate "2010.??.??"]
[TimeControl "5400"]

1. d4 Nf6 2. c4 e6 3. Nf3 c5 4. d5 exd5 5. cxd5 d6 6. Nc3 g6 7. g3 Bg7 8. Bg2
O-O 9. O-O a6 10. a4 Nbd7 11. Bf4 Qe7 12. Re1 Ng4 13. Bg5 f6 14. Bd2 Rb8 15.
Rb1 Nge5 16. Qc1 Re8 17. b4 b6 18. bxc5 bxc5 19. Rxb8 Nxb8 20. Nxe5 fxe5 21.
Ne4 Qc7 22. Qc4 Nd7 23. Rb1 Bb7 24. Nxd6 Qxd6 25. Rxb7 e4 26. Bf4 Be5 27. Qxe4
Nf6 28. Bxe5 Rxe5 29. Qc4 1-0

[Event "3rd International Chess Festival Sport "]
[Site "Paracin"]
[Date "2010.07.09"]
[Round "1.1"]
[White "Baciu Diana"]
[Black "Stanojoski Zvonko"]
[Result "1/2-1/2"]
[ECO "B22"]
[WhiteElo "2127"]
[BlackElo "2487"]
[Annotator "Milojevic,Boban"]
[PlyCount "126"]
[EventDate "2010.??.??"]
[TimeControl "5400"]

1. e4 c5 2. c3 Qa5 3. Nf3 Nc6 4. Be2 Nf6 5. d3 d5 6. exd5 Nxd5 7. d4 e6 8. O-O
cxd4 9. Nxd4 Be7 10. Nb3 Qc7 11. c4 Nf6 12. Be3 O-O 13. Nc3 Rd8 14. Qc1 Bd7 15.
Nb5 Qb8 16. h3 a6 17. Nc3 Ne5 18. Qc2 Rc8 19. c5 Ng6 20. Rfd1 Qc7 21. Rac1 Bc6
22. Bf1 Qe5 23. Bd4 Qh5 24. Ne2 Bd5 25. Ng3 Qh4 26. Bc4 Bxg2 27. Bxf6 Bxf6 28.
Kxg2 Bg5 29. Rb1 Nf4+ 30. Kg1 Nxh3+ 31. Kg2 Nf4+ 32. Kg1 Bf6 33. Bf1 Nh5 34.
Qe4 Qg5 35. Rd3 Rab8 36. Qe3 Nf4 37. Rdd1 h5 38. Kh1 Qh4+ 39. Kg1 Qg4 40. Be2
Qg5 41. Bxh5 g6 42. Bf3 Kg7 43. Kf1 Rh8 44. Ke1 Rh2 45. Nd2 Rxf2 46. Kxf2 Nh3+
47. Ke2 Qxg3 48. Rh1 Rh8 49. Ne4 Qe5 50. Nxf6 Qxf6 51. Bxb7 Nf4+ 52. Kd2 Rd8+
53. Kc2 Rd3 54. Qxd3 Nxd3 55. Kxd3 Qf5+ 56. Kc4 Qf4+ 57. Kc3 Qe3+ 58. Kc4 Qe2+
59. Kc3 Qb5 60. c6 Qc5+ 61. Kb3 Qb5+ 62. Kc3 Qc5+ 63. Kb3 Qb5+ 1/2-1/2

[Event "3rd International Chess Festival Sport "]
[Site "Paracin"]
[Date "2010.07.09"]
[Round "1.1"]
[White "Savic Miodrag R"]
[Black "Milenkovic Blagoje"]
[Result "1-0"]
[ECO "B12"]
[WhiteElo "2477"]
[BlackElo "2123"]
[Annotator "Milojevic,Boban"]
[PlyCount "49"]
[EventDate "2010.??.??"]
[TimeControl "5400"]

1. e4 c6 2. d4 d5 3. e5 Bf5 4. Nf3 e6 5. Be2 Nd7 6. O-O c5 7. c4 Ne7 8. Nc3
dxc4 9. Bxc4 Nc6 10. d5 exd5 11. Bxd5 Nb6 12. Be4 Qxd1 13. Rxd1 Bxe4 14. Nxe4
Rd8 15. Rxd8+ Nxd8 16. Be3 Ne6 17. Rc1 Nd7 18. b4 b6 19. Rc3 Be7 20. Ra3 O-O
21. Rxa7 Rd8 22. bxc5 Bxc5 23. Nxc5 Nxe5 24. Kf1 bxc5 25. Kg1 1-0